 Dungeon Crawl Stone Soup version 0.29-a0-841-g116ddc6ace (webtiles) character file.

Game seed: 13573718595395244832

646 omnomnOMINOUS the Covert (level 7, -5/47 HPs)
             Began as an Octopode Wanderer on July 15, 2022.
             Was a Believer of Zin.
             Slain by an unseen horror (8 damage)
             ... on level 5 of the Dungeon.
             The game lasted 00:11:42 (4745 turns).

omnomnOMINOUS the Covert (Octopode Wanderer)        Turns: 4745, Time: 00:11:43

Health: -5/47      AC:  1    Str: 17    XL:     7   Next: 52%
Magic:  11/11      EV: 13    Int: 14    God:    Zin [**....]
Gold:   162        SH:  0    Dex:  8    Spells: 9/12 levels left

rFire   . . .      SeeInvis .   a - +2 falchion
rCold   . . .      Faith    .   (no shield)
rNeg    + . .      Spirit   .   k - +0 hat
rPois   +          Reflect  .   (no amulet)
rElec   .          Harm     .   l - ring of positive energy
rCorr   .          Rampage  .   t - +4 ring of slaying
Will    .....                   A - ring of poison resistance
Stlth   +++++.....              (no ring)
HPRegen 0.15/turn               (no ring)
MPRegen 0.12/turn               (no ring)
                                (no ring)
                                (no ring)

@: about to teleport, studying 2 skills
A: almost no armour, amphibious, 8 rings, camouflage 1, gelatinous body 1,
(nimble swimmer 1), tentacles
a: Renounce Religion, Recite, Vitalisation, Donate Gold


You were on level 5 of the Dungeon.
You worshipped Zin.
Zin was pleased with you.
You visited 1 branch of the dungeon, and saw 5 of its levels.

You collected 179 gold pieces.
You donated 17 gold pieces to Zin.

Inventory:

Hand Weapons
 a - a +2 falchion (weapon)
 b - a +2 dagger of freezing
 c - a +0 spear of venom
 d - a +0 spear
Missiles
 o - 2 throwing nets
Armour
 k - a +0 hat (worn)
Magical Staves
 z - a staff of air
Jewellery
 l - a ring of positive energy (left tentacle)
 t - a +4 ring of slaying (right tentacle)
 A - a ring of poison resistance (on tentacle)
Wands
 g - a wand of roots (1)
 y - a wand of digging (8)
 C - a wand of light (8)
Scrolls
 h - a scroll of noise
 m - a scroll of enchant armour
 p - a scroll of immolation
 q - 2 scrolls of blinking
 r - a scroll of teleportation
 s - a scroll of vulnerability
 u - a scroll of fear {unknown}
 v - a scroll of silence {unknown}
 w - a scroll of fog
 B - a scroll of brand weapon {unknown}
Potions
 e - a potion of mutation {unknown}
 i - a potion of lignification {unknown}
 j - a potion of resistance
 n - a potion of cancellation
 x - a potion of might {unknown}


   Skills:
 + Level 3.6 Fighting
 - Level 3.0 Long Blades
 + Level 2.6 Dodging
 + Level 8.7 Stealth
 - Level 3.0 Spellcasting
 + Level 1.6 Conjurations
 + Level 1.6 Air Magic
 - Level 1.2 Poison Magic
 + Level 2.7 Invocations


You had 9 spell levels left.
You knew the following spells:

 Your Spells              Type           Power      Damage    Failure   Level
a - Sting                 Tmut/Pois      12%        1d3       17%         1
b - Static Discharge      Conj/Air       6%         3-4/arc   17%         2

Your spell library contained the following spells:

 Spells                   Type           Power      Damage    Failure   Level
 Ensorcelled Hibernation  Hex/Ice        4%         N/A       32%         2
 Sublimation of Blood     Necr           2%         N/A       32%         2
 Spider Form              Tmut/Pois      3%         N/A       45%         3
 Ignite Poison            Fire/Tmut/Pois 3%         N/A       50%         3
 Anguish                  Hex/Necr       1%         N/A       91%         4
 Petrify                  Tmut/Erth      2%         N/A       91%         4
 Lightning Bolt           Conj/Air       3%         1d14      97%         5
 Irradiate                Conj/Tmut      2%         3d12      99%         5
 Maxwell's Capacitive Co  Air            3%         ∞         100%        8


Dungeon Overview and Level Annotations

Branches:
Dungeon (5/15)
 Temple: D:4-7

Altars:
Zin

Shops:
D:1 =   D:3 *   D:4 *

Annotations:
D:3 2 transporters, Encipher's ghost, amateur OpTm


Innate Abilities, Weirdness & Mutations

You cannot wear most types of armour.
You are amphibious.
You can wear up to eight rings at the same time.
Your skin changes colour to match your surroundings (Stealth+).
Your rubbery body absorbs attacks. (AC +1, EV +1)
((You are camouflaged when in or above water. (Stealth+)))
You have tentacles for arms and can constrict up to eight enemies at once.


Message History

The howler monkey is moderately wounded.
You constrict the howler monkey. The howler monkey hits you. x2
You hit the howler monkey but do no damage.
You squeeze the howler monkey!
You kill the howler monkey!
An iguana comes into view.
You open the door.
A black bear comes into view.
Found a metallic puce potion and a bone wand.
There is an open door here.
You open the door.
There is an open door here.
Found a manual of Stealth.
Found a stone staircase leading down.
Something hits you.
Deactivating autopickup; reactivate with Ctrl-A.
Something hits you!
You see here a manual of Stealth.
You pick up a manual of Stealth and begin studying.
Okay, then.
Unknown command.
Unknown command.
Unknown command.
Okay, then.
Unknown command.
Okay, then.
Unknown command.
It was a potion of resistance.
You feel protected. Something hits you!
* * * LOW HITPOINT WARNING * * *
It was a potion of cancellation.
Your magical effects are unravelling.
You feel magically purged.
Your resistance to elements expires.
Something hits you!
* * * LOW HITPOINT WARNING * * *
As you read the scroll of teleportation, it crumbles to dust.
You feel strangely unstable. Something hits you!
You die...

#..##. #..# #.#.)..
#.....# #..#
#.#)<..
..#..###..###.#.†..
#....##......#....
##.....#......'....
#.............#....
#...#......####.##.
#.........## #.##.
##@.....#...# ...#.
##...##....#....#.
#####.....#....#.
....#....#. ...>#
#. #### ##


There were no monsters in sight!

Vanquished Creatures
  A phantom (D:4)
  A howler monkey (D:5)
  2 hounds (D:4)
  A jelly (D:5)
  A gnoll bouda (D:4)
  2 orc priests (D:5)
  3 iguanas (D:4)
  An orc wizard (D:5)
  Robin (D:1)
  6 gnolls (D:4)
  6 adders
  A shadow imp (D:5)
  3 worms
  4 dart slugs
  3 orcs
  7 ball pythons
  6 bats
  12 endoplasms
  3 giant cockroaches
  13 goblins
  6 hobgoblins
  3 jackals (D:3)
  2 quokkas
  5 frilled lizards
  5 kobolds
  27 rats
125 creatures vanquished.

Vanquished Creatures (others)
  3 plants (D:5)
3 creatures vanquished.

Grand Total: 128 creatures vanquished

Notes
Turn   | Place    | Note
-------+----------+-------------------------------------------
     0 | D:1      | omnomnOMINOUS the Octopode Wanderer began the quest for the
                  | Orb.
     0 | D:1      | omnomnOMINOUS set off with the following items: a +2
                  | falchion, a +0 hat, a scroll of fog; and the following
                  | spell memorised: Sting; and the following spells available
                  | to memorise: Ignite Poison.
     0 | D:1      | Reached XP level 1. HP: 11/11 MP: 2/2
    91 | D:1      | Reached XP level 2. HP: 13/18 MP: 3/3
   291 | D:1      | Reached skill level 1 in Fighting
   341 | D:1      | Reached skill level 7 in Stealth
   439 | D:1      | Reached XP level 3. HP: 23/23 MP: 5/5
   816 | D:1      | Found Muhoah's One-of-a-Kind Rings.
  1299 | D:2      | Noticed Robin
  1546 | D:1      | Killed Robin
  1547 | D:1      | Reached XP level 4. HP: 26/29 MP: 7/7
  2119 | D:3      | Found Hut Reycw's Assorted Antiques.
  2136 | D:3      | Reached XP level 5. HP: 26/35 MP: 8/8
  2220 | D:3      | Found a transporter.
  2224 | D:3      | Noticed Encipher's ghost (amateur OpTm)
  2267 | D:3      | Found a transporter.
  2678 | D:3      | Found a faded altar of an unknown god.
  2833 | D:3      | Prayed at the altar of an unknown god.
  2833 | D:3      | Became a worshipper of Zin the Law-Giver
  2833 | D:3      | Reached * piety under Zin
  2833 | D:3      | Reached ** piety under Zin
  2904 | D:3      | Learned a level 2 spell: Static Discharge
  3520 | D:4      | Reached skill level 8 in Stealth
  3525 | D:4      | Reached skill level 1 in Invocations
  3530 | D:4      | Noticed a phantom
  3620 | D:4      | Reached XP level 6. HP: 42/42 MP: 10/10
  3750 | D:4      | Found Wunoet's Whimsical Warehouse.
  3810 | D:4      | Reached skill level 1 in Dodging
  4202 | D:4      | Reached skill level 1 in Air Magic
  4213 | D:4      | Reached skill level 1 in Conjurations
  4213 | D:4      | Reached XP level 7. HP: 15/46 MP: 11/11
  4432 | D:4      | Identified the +0 leather armour of the Accordion {rPois
                  | rN+ Dex+4}
  4587 | D:5      | Entered Level 5 of the Dungeon
  4744 | D:5      | HP: 2/47 [something (11)]
  4745 | D:5      | Slain by an unseen horror

Illustrated notes

Levels and vault maps discovered:
D:1:      lemuel_arrival_room, layout_basic, wad_floor_pattern_untrapped,
          nicolae_shop_unique_rings, serial_bayou_pond_e, st_stairs_3,
          kennysheep_flooded_box, minmay_3d_cube
D:2:      layout_rooms, minmay_rat_hole, uniq_robin
D:3:      layout_basic, gammafunk_ghost_stat_death,
          dreamdust_ecumenical_altar_statues, serial_shops, shop,
          hangedman_decor_riveting
D:4:      layout_loops_ring, nicolae_alphabet_shops, minmay_manual_mess
D:5:      layout_gridville, nicolae_hepliaklqana_hazy_memory,
          portal_sewer_entry_d, minmay_manual_moon, uniq_grinder

Skill      XL: |  1  2  3  4  5  6  7 |
---------------+----------------------+-----
Fighting       | 1 2 3 |  3.6
Stealth        | 7 8 |  8.7
Spellcasting   | 2 3 |  3.0
Invocations    | 1 2 |  2.7
Dodging        | 1 2 |  2.6
Air Magic      | 1 |  1.6
Conjurations   | 1 |  1.6
Long Blades    | |  3.0
Poison Magic   | |  1.2

Action                   |  1- 3 |  4- 6 |  7- 9 || total
-------------------------+-------+-------+-------++-------
Melee: Falchion          |    68 |   128 |    22 ||   218
       Constrict         |    11 |    27 |     8 ||    46
       Tentacles         |     9 |    21 |     6 ||    36
       Punch             |     4 |     3 |       ||     7
Invok: Vitalisation      |       |     1 |       ||     1
       Recite            |       |     1 |     1 ||     2
  Use: Potion            |     2 |       |     3 ||     5
       Scroll            |       |       |     7 ||     7
 Stab: Sleeping          |    13 |    22 |     1 ||    36
Armor: Skin              |     4 |     9 |       ||    13
Dodge: Dodged            |    33 |    61 |     5 ||    99

Table legend: (Time is in decaauts)
 A = Elapsed time spent in this place.
 B = Non-inter-level travel time spent in this place.
 C = Inter-level travel time spent in this place.
 D = Time resting spent in this place.
 E = Time spent auto-exploring this place.
 F = Levels seen in this place.
 G = Mean time per level.
                   A        B        C        D        E       F      G
               +--------+--------+--------+--------+--------+-----+--------+
         Total |   4776 |   4638 |    138 |    722 |   3024 |   5 |  955.2 |
       Dungeon |   4776 |   4638 |    138 |    722 |   3024 |   5 |  955.2 |
               +--------+--------+--------+--------+--------+-----+--------+

Top non-repeatable levels by time:
     D:4: 1481 daAuts
     D:1: 1464 daAuts
     D:3: 1023 daAuts
     D:2: 646 daAuts
     D:5: 160 daAuts
